 Dungeon Crawl Stone Soup version 0.32-a0-871-ge202e49faa (webtiles) character file.

Game seed: 4262318101857790835

624156 Chadd the Executioner (level 27, -12/299 HPs)
             Began as a Mountain Dwarf Fighter on Mar 28, 2024.
             Was an Initiate of Gozag.
             Killed from afar by an orb of fire (15 damage)
             ... with a bolt of fire
             ... on level 5 of the Realm of Zot on Mar 29, 2024.
             The game lasted 07:10:46 (105391 turns).

Chadd the Executioner (Mountain Dwarf Fighter)    Turns: 105391, Time: 07:11:02

Health: -12/299    AC: 41    Str: 30    XL:     27
Magic:  0/23       EV: 14    Int:  9    God:    Gozag
Gold:   89         SH: 29    Dex: 12    Spells: 30/30 levels left

rFire   + + .        z - +9 broad axe (elec)
rCold   + + .        t - +8 tower shield of Cowardice {rPois rC+ rN+}
rNeg    + + +        (body armour currently unavailable)
rPois   ∞            r - +2 helmet of Fauphysm {rN+}
rElec   +            B - +4 dragonskin cloak {Aegis}
rCorr   +            a - melded +2 pair of gloves "Apibruopp" {-Cast Will+++ Str+3}
SInv    +            Q - melded +2 pair of boots
Will    +++..        W - amulet of guardian spirit
Stlth   +            J - ring "Egoicae" {Will+ Dex+5 Slay+4 SInv}
HPRegen 0.69/turn    K - ring "Utumano" {Fire Str+3 SInv}
MPRegen 0.18/turn

%: guardian spirit
@: mighty, brilliant, statue-form, resistant, studying 2 skills, invisible,
unable to read, very slow
A: slow and powerful, torment resistance 1, boosted hp, runic magic, artefact
enchanting, hooves 1, clumsy 1, cold resistance 1, deformed body, deterioration
1, dopey 1, frail 1, low MP 1, screaming 2, (shaggy fur 1), weak 2, subdued
magic 2, inability to drink after injury 2, inability to read after injury 1,
MP-powered wands, persistent drain
}: 3/15 runes: decaying, serpentine, slimy
a: Begin Untransformation, Renounce Religion, Potion Petition, Call Merchant,
Bribe Branch


You were on level 5 of the Realm of Zot.
You worshipped Gozag.
Gozag was noncommittal.
You were a living statue of rough stone.
You visited 12 branches of the dungeon, and saw 55 of its levels.
You visited the Abyss 1 time.

You collected 30689 gold pieces.
You spent 8275 gold pieces at shops.
You paid 22325 gold pieces to Gozag.

Inventory:

Hand Weapons
 q - the +8 war axe of Huufemm {spect, rPois rN+ rCorr}
   (You bought it in a shop on level 9 of the Dungeon)

   rPois:     It protects you from poison.
   rN+:       It protects you from negative energy.
   rCorr:     It protects you from acid and corrosion.
 z - a +9 broad axe of electrocution (weapon)
Missiles
 l - 54 poisoned darts
 p - 8 javelins
 w - 10 curare-tipped darts
 P - 6 throwing nets
Armour
 a - the +2 pair of gloves "Apibruopp" (melded) {-Cast Will+++ Str+3}
   (You bought it in a shop on level 2 of the Lair of Beasts)

   Str+3:     It affects your strength (+3).
   Will+++:   It greatly increases your willpower.
   -Cast:     It prevents spellcasting.
 r - the +2 helmet of Fauphysm (worn) {rN+}
   (You acquired it on level 3 of the Vaults)

   rN+:       It protects you from negative energy.
 t - the +8 tower shield of Cowardice (worn) {rPois rC+ rN+}
   (You acquired it on level 4 of the Depths)

   rC+:       It protects you from cold.
   rPois:     It protects you from poison.
   rN+:       It protects you from negative energy.
 B - the +4 dragonskin cloak (worn) {Aegis}
   (You took it off Tiamat on level 1 of the Realm of Zot)

   Avatar's Aegis: It grants the wearer a chance to resist fire, cold, poison,
   electricity, acid, and negative energy.
 Q - a +2 pair of boots (melded)
Jewellery
 J - the ring "Egoicae" (left fist) {Will+ Dex+5 Slay+4 SInv}
   (You found it on level 1 of the Depths)

   [ring of slaying]

   Dex+5:     It affects your dexterity (+5).
   Slay+4:    It affects your accuracy & damage with ranged weapons and melee
   (+4).
   Will+:     It increases your willpower.
   SInv:      It lets you see invisible.
 K - the ring "Utumano" (right fist) {Fire Str+3 SInv}
   (You took it off a deep elf death mage on level 3 of the Elven Halls)

   [ring of fire]

   Fire:      It enhances your fire magic.
   Str+3:     It affects your strength (+3).
   rF+:       It protects you from fire.
   rC-:       It makes you vulnerable to cold.
   SInv:      It lets you see invisible.
 O - the ring "Oczaneu" {AC+4 Str+6 Int+3}
   (You found it on level 5 of the Pits of Slime)

   [ring of protection]

   AC+4:      It affects your AC (+4).
   Str+6:     It affects your strength (+6).
   Int+3:     It affects your intelligence (+3).
 W - an amulet of guardian spirit (around neck)
Talismans
 C - a granite talisman (active)
Wands
 b - a wand of polymorph (17)
 y - a wand of charming (78)
 I - a wand of flame (136)
 M - a wand of digging (9)
 R - a wand of warping (45)
 U - a wand of light (15) (quivered)
 V - a wand of mindburst (17)
Scrolls
 c - 9 scrolls of fog
 e - 9 scrolls of poison
 i - 12 scrolls of immolation
 k - 12 scrolls of fear
 n - 2 scrolls of enchant armour
 o - 4 scrolls of revelation
 u - 21 scrolls of teleportation
 D - 3 scrolls of torment
 H - 5 scrolls of brand weapon
 N - a scroll of enchant weapon
 X - 2 scrolls of silence
Potions
 d - 6 potions of heal wounds
 f - 8 potions of haste
 h - 6 potions of attraction
 j - 8 potions of lignification
 m - 17 potions of curing
 v - 2 potions of resistance
 x - 12 potions of enlightenment
 F - 3 potions of might
 G - 4 potions of invisibility
 L - 2 potions of ambrosia
 Y - a potion of magic
 Z - 8 potions of mutation
Miscellaneous
 s - a sack of spiders (inert)
 A - a phial of floods
 S - a lightning rod (4/4)


   Skills:
 + Level 22.6 Fighting
 + Level 23.8 Axes
 - Level 12.2 Throwing
 + Level 22.1 Armour
 - Level 10.1 Dodging
 + Level 21.9 Shields
 - Level 2.0 Spellcasting
 + Level 13.3 Evocations
 * Level 19.3 Shapeshifting


You had 30 spell levels left.
You didn't know any spells.
Your spell library contained the following spells:

 Spells                   Type           Power      Damage    Failure   Level
 Apportation              Tloc           0%         N/A       32%         1
 Foxfire                  Conj/Fire      4%         2x1d4     32%         1
 Freeze                   Ice            0%         1d3       32%         1
 Kiss of Death            Conj/Necr      0%         2d5       32%         1
 Magic Dart               Conj           0%         1d3       32%         1
 Necrotise                Necr           0%         1d4       32%         1
 Sandblast                Erth           0%         2d4       32%         1
 Slow                     Hex            0%         N/A       32%         1
 Sting                    Conj/Alch      0%         1d3       32%         1
 Summon Small Mammal      Summ           0%         N/A       32%         1
 Blink                    Tloc           0%         N/A       47%         2
 Call Imp                 Summ           0%         N/A       47%         2
 Cigotuvi's Dreadful Rot  Necr/Alch/Air  0%         N/A       47%         2
 Ensorcelled Hibernation  Hex/Ice        0%         N/A       47%         2
 Lesser Beckoning         Tloc           0%         N/A       47%         2
 Mercury Vapours          Alch/Air       0%         N/A       47%         2
 Momentum Strike          Conj/Tloc      0%         3d8       47%         2
 Scorch                   Fire           2%         2d5       47%         2
 Searing Ray              Conj           0%         2d4       47%         2
 Static Discharge         Conj/Air       0%         3-3/arc   47%         2
 Call Canine Familiar     Summ           0%         N/A       73%         3
 Confusing Touch          Hex            0%         N/A       73%         3
 Dazzling Flash           Conj/Hex       0%         N/A       73%         3
 Frozen Ramparts          Ice            0%         1d1       73%         3
 Fugue of the Fallen      Necr           0%         N/A       73%         3
 Inner Flame              Hex/Fire       1%         N/A       73%         3
 Mephitic Cloud           Conj/Alch/Air  0%         N/A       73%         3
 Ozocubu's Armour         Ice            0%         N/A       73%         3
 Passwall                 Erth           0%         N/A       73%         3
 Sigil of Binding         Hex            0%         N/A       73%         3
 Stone Arrow              Conj/Erth      0%         3d7       73%         3
 Summon Ice Beast         Ice/Summ       0%         N/A       73%         3
 Teleport Other           Tloc           0%         N/A       73%         3
 Tukima's Dance           Hex            0%         N/A       73%         3
 Vampiric Draining        Necr           0%         2d6       73%         3
 Volatile Blastmotes      Fire/Tloc      2%         2d10      73%         3
 Anguish                  Hex/Necr       0%         N/A       98%         4
 Brom's Barrelling Bould  Conj/Erth      0%         2d3       98%         4
 Dimensional Bullseye     Hex/Tloc       0%         N/A       98%         4
 Dispel Undead            Necr           0%         3d6       98%         4
 Flame Wave               Conj/Fire      1%         2d4       98%         4
 Fulminant Prism          Conj/Alch      0%         3d5       98%         4
 Ignite Poison            Fire/Alch      1%         N/A       98%         4
 Leda's Liquefaction      Alch/Erth      0%         N/A       98%         4
 Martyr's Knell           Necr/Summ      0%         N/A       98%         4
 Maxwell's Portable Pile  Tloc           0%         2d(5-10)  98%         4
 Olgreb's Toxic Radiance  Alch           0%         N/A       98%         4
 Passage of Golubria      Tloc           0%         N/A       98%         4
 Petrify                  Alch/Erth      0%         N/A       98%         4
 Sticky Flame             Fire/Alch      1%         2d4       98%         4
 Summon Blazeheart Golem  Fire/Summ      1%         N/A       98%         4
 Vhi's Electric Charge    Tloc/Air       0%         N/A       98%         4
 Alistair's Intoxication  Alch           0%         N/A       100%        5
 Arcjolt                  Conj/Air       0%         1d10      100%        5
 Borgnjor's Vile Clutch   Necr/Erth      0%         N/A       100%        5
 Curse of Agony           Necr           0%         N/A       100%        5
 Freezing Cloud           Conj/Ice/Air   0%         6-21      100%        5
 Iskenderun's Battlesphe  Conj           0%         2d6       100%        5
 Lee's Rapid Deconstruct  Erth           0%         3d4*      100%        5
 Silence                  Hex/Air        0%         N/A       100%        5
 Yara's Violent Unravell  Hex/Alch       0%         3d3       100%        5
 Bombard                  Conj/Erth      0%         9d1       100%        6
 Eringya's Noxious Bog    Alch           0%         4d6       100%        6
 Permafrost Eruption      Ice/Erth       0%         2x4d2     100%        6
 Plasma Beam              Fire/Air       0%         2x1d10    100%        6
 Starburst                Conj/Fire      0%         6d3       100%        6
 Haunt                    Necr/Summ      0%         N/A       100%        7
 Manifold Assault         Tloc           0%         N/A       100%        7
 Ozocubu's Refrigeration  Ice            0%         4d7       100%        7
 Spellforged Servitor     Conj/Summ      0%         N/A       100%        7
 Borgnjor's Revivificati  Necr           0%         N/A       100%        8
 Discord                  Hex            0%         N/A       100%        8
 Ignition                 Fire           0%         3d3       100%        8
 Lehudib's Crystal Spear  Conj/Erth      0%         10d2      100%        8
 Polar Vortex             Ice            0%         N/A       100%        9
 Shatter                  Erth           0%         3d5*      100%        9
 Sublimation of Blood     Necr           Unusable   N/A       N/A         2

Dungeon Overview and Level Annotations

Branches:
Dungeon (15/15)            Temple (0/1) D:7            Lair (5/5) D:10
  Swamp (4/4) Lair:2        Snake (4/4) Lair:2        Slime (5/5) Lair:5
    Orc (2/2) D:9             Elf (3/3) Orc:2        Vaults (4/5) D:14
  Crypt (3/3) Vaults:3       Tomb (1/3) Crypt:3      Depths (4/4) D:15
    Zot (5/5) Depths:4

Altars:
Ashenzari
Cheibriados
Elyvilon
Fedhas
Gozag
Hepliaklqana
Kikubaaqudgha
Makhleb
Okawaru
Trog
Vehumet
Wu Jian
Xom
Yredelemnul
Beogh

Shops:
D:9 (([   D:11 (::   D:12 *   D:15 **   Orc:1 [   Orc:2 (!=?   Elf:2 !(
Lair:2 [   Snake:3 (   Snake:4 !*   Vaults:3 ?   Crypt:3 [   Depths:4 :?([

Portals:
Hell: Lair:5 Depths:1 Depths:2 Depths:3 Depths:4
Abyss: Depths:3 Depths:4
Pandemonium: Depths:2 Depths:4
Ziggurat: Depths:1

Annotations:
Swamp:4 Buiwea Hucos's ghost, adept FoDe; Wesew's ghost, adept DECj
Elf:2 3 runed translucent doors
Elf:3 3 runed translucent doors, Vaixt's ghost, adept DsGl
Vaults:2 1 runed translucent door, jejorda2's ghost, adept GnBe
Vaults:3 2 transporters, jasper's ghost, adept MiFi
Depths:1 2 transporters
Zot:2 6 transporters


Innate Abilities, Weirdness & Mutations

You are a living statue of rough stone.
Your actions are slow, but your melee attacks are powerful.
You are resistant to unholy torment.
Your maximum health is greatly increased.
Your equipment is partially melded.
You are immune to poison.
Your spellcasting is much less encumbered by armour.
You can use scrolls of enchantment on lesser artefacts.
You have large cloven feet.
You are clumsy. (Dex -2)
Your flesh is cold resistant. (rC+)
Armour fits poorly on your strangely shaped body.
Your body sometimes deteriorates upon taking damage.
You are dopey. (Int -2)
You are frail. (-10% HP)
Your magical capacity is low. (-10% MP)
You frequently scream uncontrollably at your foes.
((You are covered in fur. (AC +1)))
You are very weak. (Str -4)
Your spells are easier to cast, but less powerful.
You sometimes lose the ability to drink potions when taking damage.
You occasionally lose the ability to read scrolls when taking damage.
You expend magic power (3 MP) to strengthen your wands.
Your health recovers twice as slowly from being drained.


Message History

Your moth of wrath's corpse dissolves into shadows!
The fireball engulfs the orb of fire.
The orb of fire completely resists.
The fireball engulfs you! You resist.
* * * LOW HITPOINT WARNING * * *
The fireball engulfs the orb of fire.
The orb of fire completely resists.
There are monsters nearby!
You reach into the sack... ...and things crawl out!
The orb of fire passes through a web. x2; The sack is emptied!
The orb of fire glows deep purple.
The bolt of fire hits you. You resist.
* * * LOW HITPOINT WARNING * * *
The bolt of fire hits your jumping spider!!!
Your jumping spider dies!
Your jumping spider's corpse disappears in a puff of smoke!
The orb of fire glows red.
The fireball explodes!
The fireball engulfs you! You resist.
* * * LOW HITPOINT WARNING * * *
You feel threatened and lose the ability to read scrolls!
The fireball engulfs the orb of fire.
The orb of fire completely resists.
The orb of fire glows deep purple.
The bolt of fire misses the orb of fire.
The bolt of fire hits you! You resist.
* * * LOW HITPOINT WARNING * * *
The orb of fire glows red.
The bolt of fire hits you! You resist.
* * * LOW HITPOINT WARNING * * *
The orb of fire emits a lurid red light.
The fireball explodes!
The fireball engulfs the orb of fire.
The orb of fire completely resists.
The fireball engulfs your jumping spider!!!
Your jumping spider dies!
Your jumping spider's corpse disappears in a puff of smoke!
The fireball engulfs the orb of fire.
The orb of fire completely resists.
The fireball engulfs the orb of fire.
The orb of fire completely resists.
The orb of fire glows yellow.
The bolt of fire hits the orb of fire.
The orb of fire completely resists.
The bolt of fire hits your jumping spider!!
The bolt of fire hits you! You resist.
You die...
Your body crumbles into a pile of gold.

...........# ##.............,**
..........## ##...^.....^....,,*
..........# ##..^.....^......,,,
.!.......## #.................,,
.........# #.................,,
.........## #.§**....^......$.,,
..........# #..*...^..........,,
..........## #..s..............,,
...........###..I)$$$..........^,
#########..?###..§$)$$$$.^.(...,,
##....##..^$$$$$$$.....,*
###..§))....$$$$$.....**
#▓▓▓▓▓▓▓▓▓▓▓##$$...▓*
****,,,,,,,,,.$....**
***,,,,,^^,,,,,,.....,*
**,,,,,,,,,,,,,,,.....,, ********
*,,,,,,,,,,,,,,,,,..[.,,


You could see an orb of fire, 2 neutral orbs of fire and a friendly jumping
spider (summoned).

Vanquished Creatures
  the Royal Jelly (Slime:5)
  Tiamat (Zot:1)
  2 orbs of fire (Zot:5)
  Sojobo (Crypt:1)
  Josephina (Zot:3)
  the Lernaean hydra (Swamp:4)
  A curse toe (Zot:4)
  Nikola (Depths:1)
  8 golden dragons
  the Enchantress (Depths:1)
  Norris (Vaults:3)
  A bone dragon (Abyss:2)
  2 shard shrike zombies (Crypt:3)
  14 tentacled monstrosities
  Mlioglotl (Lair:2)
  5 liches
  A walking earthen tome (Depths:4)
  4 deep elf blademasters (Elf:3)
  5 Orb Guardians (Zot:5)
  6 sphinxes
  20 acid blobs
  4 ancient champions (Crypt:2)
  2 tentacled starspawn (Abyss:2)
  A walking divine tome (Depths:1)
  5 quicksilver dragons
  2 deep elf master archers (Elf:3)
  7 storm dragons
  5 death cobs
  3 tengu reavers
  6 shadow dragons
  5 draconian monks
  Roxanne (D:14)
  14 azure jellies
  Aizul (Swamp:2)
  The ghost of Kerchaveu the Impaler, an adept GnWn of Okawaru (Swamp:4)
  3 revenants
  9 fire giants
  An iron dragon (Depths:1)
  5 draconian knights
  6 protean progenitors
  4 draconian scorchers
  3 draconian shifters
  10 vault wardens
  17 rockslimes
  14 nagarajas (Snake:4)
  6 frost giants
  Louise (Snake:1)
  6 deep elf sorcerers (Elf:3)
  2 balrugs
  2 juggernaut zombies (Crypt:3)
  A curse skull (Crypt:2)
  2 spectral caustic shrikes (Depths:2)
  5 orc warlords
  5 ghouls
  4 deep elf elementalists (Elf:3)
  5 draconian annihilators
  A reaper (Crypt:3)
  2 ghost moths
  6 draconian stormcallers
  10 quicksilver oozes
  21 very ugly things
  12 ironbound preservers
  14 formless jellyfish
  18 stone giants
  A caustic shrike skeleton (Crypt:3)
  The ghost of Soafokuo the Warrior, a journeyman FeDe of Wu Jian (Swamp:4)
  10 ironbound thunderhulks
  5 spriggan defenders
  21 vampire knights
  17 green draconians
  14 deep elf death magi
  A deep elf demonologist (Elf:3)
  2 eleionomae (Swamp:3)
  11 black draconians
  Nessos (D:12)
  8 dire elephants
  5 white draconians
  The ghost of Mummolef the Mimic, a journeyman TrSh of the Shining One (Orc:1)
  5 deep elf annihilators (Elf:3)
  5 yellow draconians
  2 war gargoyles (Vaults:3)
  12 bunyips
  6 red draconians
  15 purple draconians
  7 ettins
  A green death (Depths:2)
  5 spark wasps
  2 crystal guardians
  An eidolon (Crypt:2)
  2 mummy priests
  4 deep elf high priests (Elf:3)
  10 fire dragons
  21 jiangshi
  Fannar (Lair:1)
  A quicksilver dragon skeleton (Crypt:1)
  9 ice dragons
  A fenstrider witch zombie (Crypt:2)
  4 spriggan zombies
  A shambling mangrove (Swamp:4)
  8 vault guards
  6 yaktaur captains
  An entropy weaver (Vaults:1)
  15 great orbs of eyes
  Harold (D:9)
  3 salamander tyrants
  20 hydras
  15 alligators
  3 peacekeepers
  A death knight (Crypt:1)
  5 rakshasas
  An ogre mage (D:15)
  2 Orb Guardian zombies (Crypt:3)
  8 ironbound frosthearts
  7 spriggan air magi
  5 catoblepae
  A ghost crab (Crypt:2)
  10 anacondas
  2 radroaches (Zot:2)
  20 centaur warriors
  6 boulder beetles
  10 two-headed ogres
  7 tengu warriors
  10 vampire magi
  14 dancing weapons
  17 naga warriors
  4 orc high priests
  2 demonic crawlers (D:12)
  A death yak (Lair:4)
  6 shock serpents
  7 deep troll shamans
  6 deep troll earth magi
  6 spriggan berserkers
  4 occultists
  13 naga sharpshooters
  A thrashing horror (Abyss:2)
  11 deep elf knights
  3 sun demons (Depths:1)
  4 soul eaters
  8 spriggans
  A hell knight (Depths:1)
  A sixfirhy (Lair:5)
  25 skeletal warriors
  7 skysharks
  5 iron trolls
  8 salamander mystics
  A skyshark (shapeshifter) (Vaults:2)
  6 glowing orange brains
  2 shadow wraiths (Crypt:2)
  11 mana vipers (Snake:1)
  A spatial maelstrom (Abyss:2)
  12 swamp dragons
  36 deep trolls
  A flayed ghost (Crypt:3)
  An iron giant skeleton (Crypt:3)
  5 goliath frogs
  A glowing orange brain (shapeshifter) (D:15)
  A lindwurm (shapeshifter) (Depths:1)
  4 naga ritualists
  2 obsidian statues (Zot:4)
  3 spriggan druids
  A shadow demon (Depths:2)
  A swamp dragon (shapeshifter) (D:13)
  8 lindwurms
  5 arcanists
  15 bog bodies
  14 orc knights
  22 phantasmal warriors
  10 ironbound convokers
  4 thermic dynamos
  14 deep elf archers
  3 harpies (Vaults:3)
  20 deep elf zephyrmancers
  A harpy (shapeshifter) (Depths:2)
  7 necromancers
  3 lightning spires (Zot:4)
  9 large abominations
  A wolf spider (D:15)
  38 ugly things
  22 salamanders
  An obsidian bat (Orc:2)
  17 deep elf pyromancers
  5 oklob plants (Zot:4)
  5 orc sorcerers
  2 stone giant zombies
  5 will-o-the-wisps
  Maurice (Orc:2)
  3 manticores
  11 shining eyes
  24 moths of wrath
  6 cyclopes
  43 black mambas
  A dire elephant zombie (Crypt:3)
  3 centaur zombies (Crypt:3)
  20 naga magi
  9 meliai
  An apocalypse crab (Abyss:2)
  8 guardian serpents
  3 kobold blastminers
  19 vault sentinels
  An elephant (Lair:5)
  6 gargoyles
  A storm dragon simulacrum (Abyss:2)
  2 naga zombies (Crypt:3)
  3 eyes of devastation
  14 cane toads
  5 orange demons
  7 smoke demons
  A hellion (Depths:1)
  3 torpor snails (Zot:2)
  10 rime drakes
  A yellow draconian zombie (Crypt:1)
  2 unseen horrors
  9 komodo dragons
  An efreet (D:14)
  A kobold demonologist (D:10)
  24 yaktaurs
  2 ancient zymes (Abyss:2)
  A swamp worm zombie (Crypt:1)
  9 guardian mummies
  3 freezing wraiths (Crypt:1)
  A yellow draconian skeleton (Crypt:2)
  A death yak skeleton (Crypt:2)
  A catoblepas skeleton (Crypt:1)
  A red devil (Lair:5)
  4 ice devils
  7 trolls
  A hydra zombie (Crypt:2)
  An unseen horror skeleton (Crypt:3)
  2 harpy zombies
  3 polar bears
  A queen bee (D:14)
  A meliai zombie (Crypt:1)
  15 tyrant leeches
  12 blink frogs
  A fire dragon zombie (Crypt:1)
  9 dream sheep
  11 hornets
  9 glass eyes
  An ettin zombie (Vaults:2)
  66 slime creatures
  An air elemental (Elf:3)
  4 shadows
  2 centaur simulacra (D:10)
  A vampire (D:14)
  2 ushabtiu (Crypt:2)
  4 wyverns
  A water elemental (D:15)
  2 ynoxinuls
  12 wraiths
  A black mamba skeleton (Crypt:3)
  54 yaks
  4 neqoxecs
  4 wargs
  2 fire elementals (Elf:3)
  6 basilisks
  3 golden eyes
  12 vampire mosquitoes
  A chaos spawn (Abyss:2)
  3 acid dragons
  4 spatial vortices (Abyss:2)
  16 swamp worms
  41 nagas
  A two-headed ogre zombie (Crypt:1)
  13 water moccasins
  4 hell hounds (Lair:5)
  A moth of wrath simulacrum (Zot:3)
  A sky beast (shapeshifter) (D:14)
  7 swamp drakes
  A faun skeleton (Crypt:3)
  22 orc warriors
  2 ice beasts (D:10)
  3 laughing skulls (Crypt:1)
  A swamp dragon zombie (Crypt:2)
  2 black bears (D:6)
  10 ogres
  32 wolves
  8 boggarts
  4 centaurs
  2 phantoms (D:6)
  2 weeping skulls (Abyss:2)
  6 elf zombies (Elf:1)
  12 bullfrogs
  Blork the orc (D:4)
  8 earth elementals
  3 kobold brigands (D:10)
  2 gnoll sergeants
  11 small abominations
  3 scorpions
  8 wights
  A human simulacrum (Vaults:2)
  33 killer bees
  A shapeshifter skeleton (Crypt:3)
  3 bombardier beetles
  5 howler monkeys
  2 electric eels
  A quasit (Abyss:2)
  5 hounds
  Crazy Yiuf (D:5)
  3 jellies
  25 orc priests
  2 gnoll boudas
  An iron imp (Abyss:2)
  2 sleepcaps
  4 iguanas
  31 orc wizards
  9 hell rats
  A tengu zombie (Crypt:2)
  A mummy (Crypt:3)
  15 gnolls
  6 adders
  A shadow imp (Abyss:2)
  A swamp drake skeleton (Crypt:3)
  2 white imps
  4 ufetubi (D:6)
  A lava snake zombie (Crypt:2)
  3 dart slugs
  2 ribbon worms
  53 orcs
  13 endoplasms
  6 giant cockroaches
  4 goblins
  5 hobgoblins
  14 jackals
  2 quokkas
  9 ball pythons
  A ball python zombie (Crypt:3)
  5 bats
  4 frilled lizards
  A jackal skeleton (Crypt:1)
  13 kobolds
  5 rats
  A spectral orc (D:3)
2242 creatures vanquished.

Vanquished Creatures (collateral kills)
  A Killer Klown (Zot:5)
  A tentacled monstrosity (Zot:1)
  8 Orb Guardians (Zot:5)
  A quicksilver dragon (Zot:5)
  A death cob (Zot:1)
  A draconian monk (Zot:1)
  A draconian shifter (Zot:5)
  A draconian stormcaller (Zot:5)
  A draconian annihilator (Zot:5)
  A stone giant (Depths:1)
  2 black draconians (Zot:5)
  A white draconian (Zot:5)
  A yellow draconian (Zot:5)
  A fire dragon (Zot:1)
  A blizzard demon (Depths:1)
  A glowing orange brain (Depths:1)
  A flayed ghost (Depths:1)
  A moth of wrath (Zot:5)
  An ice devil (Depths:1)
  6 wolves (Lair:5)
33 creatures vanquished.

Vanquished Creatures (others)
  2 ancient liches (Zot:5)
  A dread lich (Zot:5)
  3 orbs of fire (Zot:5)
  4 Killer Klowns (Zot:5)
  12 Orb Guardians (Zot:5)
  An electric golem (Zot:5)
  The ghost of Ucvuteox the Nimble, an adept CoWn of Okawaru (Swamp:4)
  2 tentacled monstrosities (Zot:5)
  A quicksilver dragon (Zot:5)
  A draconian scorcher (Zot:5)
  2 green draconians (Zot:5)
  A black draconian (Zot:5)
  A red draconian (Zot:5)
  A white draconian (Zot:5)
  A two-headed ogre (D:14)
  2 occultists
  A deep elf archer (Elf:3)
  A lindwurm (Vaults:4)
  An ugly thing (D:15)
  3 moths of wrath (Zot:5)
  A storm dragon simulacrum (Zot:3)
  A bloated husk (Swamp:4)
  A slime creature (Slime:5)
  A purple draconian simulacrum (Zot:3)
  A green draconian simulacrum (Zot:3)
  A moth of wrath simulacrum (Zot:3)
  A boggart (Vaults:1)
  An orc priest (Orc:2)
  3 ball lightnings (Swamp:4)
  22 foxfires
  118 spectral weapons
  4 starspawn tentacles (Abyss:2)
197 creatures vanquished.

Grand Total: 2472 creatures vanquished

Notes
Turn   | Place    | Note
-------+----------+-------------------------------------------
     0 | D:1      | Chadd the Mountain Dwarf Fighter began the quest for the
                  | Orb.
     0 | D:1      | Reached XP level 1. HP: 19/19 MP: 1/1
   179 | D:1      | Reached XP level 2. HP: 26/26 MP: 2/2
   454 | D:1      | Reached XP level 3. HP: 31/31 MP: 3/3
   459 | D:1      | Reached skill level 3 in Axes
   955 | D:2      | Reached XP level 4. HP: 38/40 MP: 4/4
  1062 | D:2      | Reached skill level 1 in Throwing
  1438 | D:3      | Found a hazy altar of Hepliaklqana.
  1475 | D:3      | Noticed an ogre
  1487 | D:3      | Killed an ogre
  1488 | D:3      | Reached XP level 5. HP: 26/46 MP: 5/5
  1999 | D:3      | Found an ancient bone altar of Kikubaaqudgha.
  2622 | D:4      | Reached skill level 4 in Axes
  2806 | D:4      | Reached XP level 6. HP: 45/53 MP: 6/6
  2870 | D:4      | Noticed Blork the orc
  2881 | D:4      | Killed Blork the orc
  3101 | D:4      | Identified the +3 falchion of a volcano {distort, Fly rElec
                  | rPois}
  3270 | D:4      | Found a radiant altar of Vehumet.
  3502 | D:5      | Entered Level 5 of the Dungeon
  3534 | D:5      | Noticed a yak
  3562 | D:4      | Killed a yak
  3563 | D:4      | Reached skill level 5 in Fighting
  3563 | D:4      | Reached skill level 5 in Armour
  3563 | D:4      | Reached skill level 5 in Shields
  3563 | D:4      | Reached XP level 7. HP: 31/61 MP: 7/7
  3671 | D:5      | Found an ornate altar of the Wu Jian Council.
  3673 | D:5      | Noticed a yak
  3673 | D:5      | Noticed a yak
  3673 | D:5      | Noticed a yak
  3673 | D:5      | Noticed a yak
  3699 | D:4      | Killed a yak
  3700 | D:4      | Reached skill level 5 in Axes
  4438 | D:5      | Noticed a moth of wrath
  4441 | D:5      | Found a bloodstained altar of Trog.
  4517 | D:5      | Found a burning altar of Makhleb.
  4596 | D:5      | Reached XP level 8. HP: 69/69 MP: 8/8
  4648 | D:5      | Found a broken altar of Ashenzari.
  4723 | D:5      | Found a runed translucent door.
  4724 | D:5      | Noticed Crazy Yiuf
  5296 | D:6      | Reached skill level 6 in Axes
  5336 | D:6      | Found a blossoming altar of Fedhas.
  5717 | D:6      | Found a basalt altar of Yredelemnul.
  5895 | D:6      | Found a snail-covered altar of Cheibriados.
  5931 | D:6      | Reached XP level 9. HP: 32/78 MP: 9/9
  6206 | D:6      | Found an opulent altar of Gozag.
  6324 | D:6      | Became a worshipper of Gozag Ym Sagoz the Greedy
  6593 | D:7      | Reached skill level 5 in Throwing
  7470 | D:6      | Reached skill level 7 in Axes
  7608 | D:7      | Found a staircase to the Ecumenical Temple.
  9600 | D:9      | Noticed Grum
  9610 | D:8      | Reached XP level 10. HP: 71/86 MP: 10/10
 10269 | D:9      | Grum changed into Grum the howler monkey
 10269 | D:9      | Noticed Grum
 10273 | D:9      | Killed Grum the howler monkey
 10274 | D:9      | Reached skill level 8 in Axes
 10279 | D:9      | Noticed Harold
 10295 | D:9      | Killed Harold
 10359 | D:9      | Found Noasosch's Weapon Shop.
 10366 | D:9      | Found a staircase to the Orcish Mines.
 10369 | D:9      | Found Ufaan's Armour Shop.
 11372 | D:10     | Entered Level 10 of the Dungeon
 12508 | D:9      | Bought the +6 war axe of Huufemm {spect, rPois rN+ rCorr}
                  | for 656 gold pieces
 12664 | D:10     | Found a staircase to the Lair.
 12682 | D:10     | Found an iron altar of Okawaru.
 12784 | D:10     | Reached skill level 9 in Axes
 12884 | D:10     | Reached XP level 11. HP: 82/95 MP: 11/11
 13139 | D:10     | Found the +4 skin of Zhor {*Englaciate rC+++ SInv}
 13818 | Lair:1   | Entered Level 1 of the Lair of Beasts
 13841 | Lair:1   | Noticed Fannar
 13950 | Lair:1   | Killed Fannar
 14335 | Lair:1   | Noticed a boulder beetle
 14372 | Lair:1   | Killed a boulder beetle
 14421 | Lair:1   | Noticed a catoblepas
 14438 | Lair:1   | Killed a catoblepas
 14439 | Lair:1   | Reached skill level 10 in Axes
 14439 | Lair:1   | Reached skill level 1 in Evocations
 14923 | Lair:1   | Reached XP level 12. HP: 104/106 MP: 12/12
 14945 | Lair:1   | Reached skill level 10 in Fighting
 15752 | Lair:2   | Noticed a boulder beetle
 15757 | Lair:2   | Reached skill level 10 in Shields
 15774 | Lair:2   | Killed a boulder beetle
 15775 | Lair:2   | Reached skill level 10 in Armour
 15979 | Lair:2   | Noticed a catoblepas
 16006 | Lair:2   | Killed a catoblepas
 16007 | Lair:2   | Reached skill level 11 in Axes
 16495 | Lair:2   | Found a staircase to the Snake Pit.
 16643 | Lair:2   | Found a staircase to the Swamp.
 16979 | Lair:3   | Reached skill level 5 in Evocations
 17438 | Lair:3   | Reached XP level 13. HP: 112/115 MP: 13/13
 18917 | Lair:5   | Entered Level 5 of the Lair of Beasts
 19660 | Lair:4   | Reached skill level 10 in Throwing
 19908 | Lair:4   | Reached skill level 12 in Axes
 21188 | Lair:5   | Found a staircase to the Slime Pits.
 21367 | Lair:5   | Identified the +1 pair of gloves of the Moon {MP+9}
 22082 | Lair:5   | Reached XP level 14. HP: 114/125 MP: 14/14
 22780 | Lair:5   | Found a burning altar of Makhleb.
 23188 | Lair:5   | Found a gateway to Hell.
 23884 | D:11     | Found Leufel's Book Shoppe.
 23885 | D:11     | Found Pecegh's Book Shoppe.
 23889 | D:11     | Found Fido's Weapon Shoppe.
 23893 | D:11     | Found Coytusin's Book Shoppe.
 23911 | D:11     | Bought 4 datura-tipped darts for 39 gold pieces
 23914 | D:11     | Bought a manual of Dodging for 1040 gold pieces
 24410 | D:11     | Reached skill level 1 in Dodging
 24708 | D:12     | Reached skill level 13 in Axes
 25257 | D:12     | Found a runed translucent door.
 25433 | D:12     | Found Igycec's Overcharged Wands.
 25439 | D:12     | Noticed Nessos
 25449 | D:12     | Killed Nessos
 25536 | D:12     | Bought a wand of light (18) for 1134 gold pieces
 25797 | D:12     | Gained mutation: You are vulnerable to cold. (rC-) [a
                  | neqoxec]
 25799 | D:12     | Gained mutation: You occasionally shout uncontrollably at
                  | your foes. [a neqoxec]
 25953 | D:12     | Noticed a tentacled monstrosity
 25965 | D:12     | Killed a tentacled monstrosity
 28493 | D:14     | Noticed Roxanne
 28508 | D:14     | Killed Roxanne
 28509 | D:14     | Reached XP level 15. HP: 107/135 MP: 16/16
 28823 | D:14     | Reached skill level 5 in Dodging
 28850 | D:14     | Found a gate to the Vaults.
 28865 | D:14     | Reached skill level 1 in Spellcasting
 29066 | D:15     | Entered Level 15 of the Dungeon
 29069 | D:15     | Found Temaur's Assorted Antiques.
 29090 | D:14     | Reached skill level 1 in Shapeshifting
 29441 | D:15     | Bought a scroll of enchant armour for 210 gold pieces
 29441 | D:15     | Bought a potion of curing for 84 gold pieces
 29441 | D:15     | Bought a scroll of identify for 56 gold pieces
 30350 | D:15     | Found a staircase to the Depths.
 31392 | Swamp:1  | Entered Level 1 of the Swamp
 31764 | Orc:1    | Entered Level 1 of the Orcish Mines
 31884 | Orc:1    | Found a roughly hewn altar of Beogh.
 31950 | Orc:1    | Found a transporter.
 31951 | Orc:1    | Noticed Mummolef's ghost (journeyman TrSh)
 31954 | Orc:1    | Found Yvufor's Armour Emporium.
 31954 | Orc:1    | Identified the +2 great mace "Teura" {freeze, rC- rN+ Str+3
                  | Int+3}
 32011 | Orc:1    | You fall into a shaft and drop 1 floor!
 32011 | Orc:2    | Entered Level 2 of the Orcish Mines
 32346 | Snake:1  | Entered Level 1 of the Snake Pit
 32347 | Snake:1  | Noticed Mlioglotl
 33335 | Swamp:1  | Reached skill level 14 in Axes
 34067 | Swamp:2  | Identified the +5 scale mail of Gluttony {Rampage rElec
                  | Dex+2}
 34721 | Swamp:2  | Identified the serpent talisman of Springtime {rC++}
 34721 | Swamp:2  | Noticed Aizul
 35134 | Orc:1    | Found a transporter.
 35537 | Orc:1    | Noticed Maurice
 35538 | Orc:1    | Maurice stole 17 poisoned darts
 35553 | Orc:2    | Killed Maurice
 35941 | Orc:2    | Found a staircase to the Elven Halls.
 36643 | Orc:1    | Reached XP level 16. HP: 95/141 MP: 18/19
 37130 | Orc:1    | Reached skill level 5 in Shapeshifting
 37259 | Orc:2    | Found Ucuczijiss's Magic Scroll Shoppe.
 37269 | Orc:2    | Found Uzxuthru's Weapon Boutique.
 37274 | Orc:2    | Found Sysa's Jewellery Shoppe.
 37277 | Orc:2    | Found Kecw's Distillery.
 37438 | Orc:2    | Bought a potion of haste for 120 gold pieces
 37438 | Orc:2    | Bought a potion of heal wounds for 60 gold pieces
 37438 | Orc:2    | Bought a potion of curing for 36 gold pieces
 37438 | Orc:2    | Bought 2 potions of curing for 72 gold pieces
 37438 | Orc:2    | Bought a potion of heal wounds for 60 gold pieces
 37438 | Orc:2    | Bought a potion of curing for 36 gold pieces
 37438 | Orc:2    | Bought a potion of might for 48 gold pieces
 37446 | Orc:2    | Bought a scroll of identify for 36 gold pieces
 37446 | Orc:2    | Bought a scroll of identify for 36 gold pieces
 37446 | Orc:2    | Bought a scroll of identify for 36 gold pieces
 37954 | Orc:1    | Paralysed by an orc sorcerer for 5 turns
 38102 | Orc:1    | Found a roughly hewn altar of Beogh.
 38351 | Orc:1    | Killed Mummolef's ghost
 38674 | Swamp:2  | Killed Aizul
 40221 | Swamp:4  | Entered Level 4 of the Swamp
 40349 | Swamp:3  | Reached skill level 15 in Axes
 42832 | Swamp:4  | Reached XP level 17. HP: 147/154 MP: 20/20
 43244 | Swamp:4  | Noticed the 27-headed Lernaean hydra
 43257 | Swamp:4  | Killed the 27-headed Lernaean hydra
 43497 | Swamp:4  | Got a decaying rune of Zot
 43521 | Swamp:4  | Got the Cyclopedia of Vibrant Albedo
 43706 | Swamp:4  | Found a runed translucent gate.
 43707 | Swamp:4  | Found a runed translucent gate.
 43707 | Swamp:4  | Found a runed translucent gate.
 43708 | Swamp:4  | Noticed Ucvuteox's ghost (adept CoWn)
 43708 | Swamp:4  | Noticed Buiwea Hucos's ghost (adept FoDe)
 43709 | Swamp:4  | Noticed Soafokuo's ghost (journeyman FeDe)
 43709 | Swamp:4  | Noticed Wesew's ghost (adept DECj)
 43710 | Swamp:4  | Noticed Kerchaveu's ghost (adept GnWn)
 43984 | Lair:2   | Killed Mlioglotl
 45583 | Snake:1  | Reached skill level 15 in Fighting
 45677 | Snake:1  | Noticed Louise
 46444 | Abyss:2  | Cast into level 2 of the Abyss (Louise)
 46882 | Abyss:2  | Noticed a bone dragon
 46892 | Abyss:2  | Found a corrupted altar of Lugonu.
 46916 | Abyss:2  | Killed a bone dragon
 46953 | Abyss:2  | Found a corrupted altar of Lugonu.
 47002 | Abyss:2  | Gained mutation: You sometimes lose your temper in combat.
                  | [a neqoxec]
 47121 | Abyss:2  | Noticed a profane servitor
 47150 | Abyss:2  | Reached skill level 16 in Axes
 47152 | Snake:1  | Escaped the Abyss
 47316 | Lair:2   | Upgraded the game from 0.32-a0-859-gb0a091d592 to
                  | 0.32-a0-868-g153ae1a8d6
 47359 | Lair:2   | Lost mutation: You sometimes lose your temper in combat.
                  | [potion of mutation]
 47359 | Lair:2   | Lost mutation: You occasionally shout uncontrollably at
                  | your foes. [potion of mutation]
 47359 | Lair:2   | Gained mutation: Your health recovers twice as slowly from
                  | being drained. [potion of mutation]
 47381 | Lair:2   | Lost mutation: You are vulnerable to cold. (rC-) [potion of
                  | mutation]
 47381 | Lair:2   | Lost mutation: Your health recovers twice as slowly from
                  | being drained. [potion of mutation]
 47381 | Lair:2   | Gained mutation: You expend magic power (3 MP) to
                  | strengthen your wands. [potion of mutation]
 47381 | Lair:2   | Gained mutation: Your flesh is cold resistant. (rC+)
                  | [potion of mutation]
 47460 | Lair:2   | Bought the +0 pair of gloves "Apibruopp" {-Cast Will+++
                  | Str+3} for 504 gold pieces
 47494 | Lair:2   | Bought a +1 tower shield of protection for 214 gold pieces
 47944 | D:5      | Killed Crazy Yiuf
 49779 | Snake:1  | Killed Louise
 51180 | Snake:2  | Identified the ring of Becwiro {Str+5 SInv}
 51481 | Snake:3  | Reached XP level 18. HP: 127/163 MP: 18/21
 51591 | Snake:3  | Found Dios's Antique Weapon Shop.
 52118 | Snake:3  | Identified the +0 chain mail of Hedging {rElec rC- Regen+}
 52590 | Snake:4  | Entered Level 4 of the Snake Pit
 52998 | Snake:4  | Found Qofaod's Neck Hole.
 53033 | Snake:4  | Reached skill level 15 in Armour
 53063 | Snake:4  | Reached skill level 15 in Shields
 53737 | Snake:4  | Found Kyghe's Distillery.
 53745 | Snake:4  | Bought 2 potions of heal wounds for 140 gold pieces
 54184 | Snake:4  | Reached skill level 10 in Shapeshifting
 54508 | Snake:4  | Bought a potion of haste for 140 gold pieces
 54508 | Snake:4  | Bought a potion of might for 56 gold pieces
 54508 | Snake:4  | Bought a potion of might for 56 gold pieces
 55664 | Snake:4  | Got a serpentine rune of Zot
 56893 | Elf:1    | Entered Level 1 of the Elven Halls
 57050 | Elf:1    | Reached skill level 17 in Axes
 57933 | Elf:1    | Reached XP level 19. HP: 173/173 MP: 22/22
 58856 | Elf:1    | Identified the +5 trident "Qutisym" {chaos, rPois Will+}
 58972 | Elf:1    | Got Zaprisoh's Catalogue of Exhumation
 59186 | Elf:2    | Found Faneexum's Distillery.
 59292 | Elf:2    | Found Sakeaqax's Firing Range.
 59297 | Elf:2    | Bought 3 boomerangs for 90 gold pieces
 59297 | Elf:2    | Bought 6 javelins for 270 gold pieces
 59312 | Elf:2    | Bought a throwing net for 45 gold pieces
 59749 | Elf:2    | Found a runed translucent gate.
 59776 | Elf:2    | Found a runed translucent gate.
 59776 | Elf:2    | Found a runed translucent gate.
 60023 | Elf:3    | Entered Level 3 of the Elven Halls
 60371 | Elf:3    | Paralysed by an air elemental for 1 turns
 60409 | Elf:3    | Found the +16 obsidian axe {drain, demonic, Mesm ^Drain Fly
                  | SInv}
 60706 | Elf:3    | Found a runed translucent gate.
 60706 | Elf:3    | Found a runed translucent gate.
 60706 | Elf:3    | Found a runed translucent gate.
 60708 | Elf:3    | Noticed Vaixt's ghost (adept DsGl)
 61590 | Depths:1 | Entered Level 1 of the Depths
 62060 | Slime:1  | Entered Level 1 of the Pits of Slime
 62287 | Slime:1  | Gained mutation: Your body sometimes deteriorates upon
                  | taking damage. [a shining eye]
 62299 | Slime:1  | Gained mutation: You are covered in fur. (AC +1) [a shining
                  | eye]
 62700 | Slime:2  | Gained mutation: Your spells are a little easier to cast,
                  | but a little less powerful. [a shining eye]
 62702 | Slime:1  | Gained mutation: You are occasionally teleported next to
                  | monsters. [a shining eye]
 62710 | Slime:1  | Lost mutation: You are occasionally teleported next to
                  | monsters. [potion of mutation]
 62710 | Slime:1  | Lost mutation: Your body sometimes deteriorates upon taking
                  | damage. [potion of mutation]
 62710 | Slime:1  | Gained mutation: You have large cloven feet. [potion of
                  | mutation]
 62710 | Slime:1  | Gained mutation: Your health recovers twice as slowly from
                  | being drained. [potion of mutation]
 62710 | Slime:1  | Gained mutation: You are robust. (+10% HP) [potion of
                  | mutation]
 62710 | Slime:1  | Gained mutation: Your mind is acute. (Int +4, Str/Dex -1)
                  | [potion of mutation]
 62787 | Slime:2  | Gained mutation: Your body sometimes deteriorates upon
                  | taking damage. [a shining eye]
 63019 | Slime:2  | Gained mutation: You occasionally shout uncontrollably at
                  | your foes. [a shining eye]
 63020 | Slime:2  | Gained mutation: You occasionally lose the ability to drink
                  | potions when taking damage. [a shining eye]
 63136 | Slime:2  | Gained mutation: Your spells are easier to cast, but less
                  | powerful. [a shining eye]
 63139 | Slime:1  | Gained mutation: Your magical capacity is low. (-10% MP) [a
                  | shining eye]
 63362 | Slime:1  | Gained mutation: You sometimes lose the ability to drink
                  | potions when taking damage. [a shining eye]
 63665 | Slime:3  | Lost mutation: You are robust. (+10% HP) [a shining eye]
 63666 | Slime:3  | Gained mutation: You frequently scream uncontrollably at
                  | your foes. [a shining eye]
 63668 | Slime:3  | Lost mutation: Your mind is acute. (Int +4, Str/Dex -1) [a
                  | shining eye]
 63673 | Slime:4  | Paralysed by a formless jellyfish for 1 turns
 63674 | Slime:4  | Gained mutation: You are dopey. (Int -2) [a shining eye]
 64693 | Slime:5  | Entered Level 5 of the Pits of Slime
 65310 | Elf:3    | Reached XP level 20. HP: 132/184 MP: 15/20
 65316 | Elf:3    | Reached skill level 18 in Axes
 66944 | Elf:3    | Identified the ring "Utumano" {Fire Str+3 SInv}
 67179 | Elf:3    | Got the Elucidation of Star-crossed Incineration
 67250 | Elf:3    | Identified the staff of Fedhas's Wrath {rPois rC++ rN++ Ice
                  | Alchemy}
 67256 | Elf:3    | Identified the ring of the Inquisitive People {rCorr MP+9}
 68095 | Swamp:4  | Killed Ucvuteox's ghost
 68097 | Swamp:4  | Killed Soafokuo's ghost
 68494 | Swamp:4  | Got the Cyclopedia of Trauma and Lithomancy
 68549 | Swamp:4  | Killed Kerchaveu's ghost
 68555 | Swamp:4  | Gained mutation: You are weak. (Str -2) [mutagenic glow]
 69093 | Vaults:1 | Entered Level 1 of the Vaults
 69348 | Vaults:1 | Got the Lectures on Lifeless Geomancy
 69432 | Vaults:1 | Reached skill level 10 in Dodging
 70280 | Vaults:1 | Identified the +2 ring mail of Reofug {rF+ Dex+2 Slay+2}
 71717 | Vaults:2 | Found a runed translucent door.
 71718 | Vaults:2 | Found a shimmering altar of Xom.
 71718 | Vaults:2 | Noticed jejorda2's ghost (adept GnBe)
 71719 | Vaults:2 | Identified the +1 rapier of Pyruiget {chaos, rN+ Stlth+}
 71999 | Vaults:2 | Reached XP level 21. HP: 185/193 MP: 19/21
 73396 | Vaults:2 | Reached skill level 19 in Axes
 74775 | Vaults:3 | Found Remn's Magic Scroll Boutique.
 74779 | Vaults:3 | Bought a scroll of enchant armour for 157 gold pieces
 74784 | Vaults:3 | Noticed Norris
 74799 | Vaults:3 | Killed Norris
 74997 | Vaults:3 | Bought a scroll of fear for 84 gold pieces
 74999 | Vaults:3 | Bought a scroll of acquirement for 1092 gold pieces
 75216 | Vaults:3 | Found a staircase to the Crypt.
 75340 | Vaults:3 | Found a transporter.
 75340 | Vaults:3 | Noticed jasper's ghost (adept MiFi)
 75341 | Vaults:3 | Noticed an ancient lich
 75407 | Vaults:3 | Found a transporter.
 76992 | Vaults:4 | Reached skill level 15 in Shapeshifting
 77305 | Vaults:4 | Identified the +10 longbow of Eqesula {heavy, Str+3}
 78515 | Crypt:1  | Entered Level 1 of the Crypt
 79192 | Crypt:1  | Noticed Sojobo
 79195 | Crypt:1  | Paralysed by an air elemental for 1 turns
 79201 | Crypt:1  | Reached XP level 22. HP: 200/202 MP: 11/22
 79204 | Crypt:1  | Paralysed by an air elemental for 1 turns
 79215 | Crypt:1  | Paralysed by an air elemental for 1 turns
 79219 | Crypt:1  | Paralysed by an air elemental for 1 turns
 79226 | Crypt:1  | Killed Sojobo
 79962 | Crypt:2  | Paralysed by a vampire knight for 2 turns
 80145 | Crypt:2  | Found a basalt altar of Yredelemnul.
 80470 | Crypt:2  | Reached skill level 20 in Axes
 80923 | Crypt:2  | Found an ancient bone altar of Kikubaaqudgha.
 81804 | Crypt:3  | Entered Level 3 of the Crypt
 83209 | Crypt:3  | Paralysed by a vampire knight for 5 turns
 83394 | Crypt:3  | Found an ancient bone altar of Kikubaaqudgha.
 83513 | Crypt:3  | Got the Annotations on the Calescent Alkahest
 83524 | Crypt:3  | Identified the staff "Vasymmiz" {^Fragile rF+ Int+6 Fire
                  | Earth}
 83930 | Crypt:3  | Reached skill level 21 in Axes
 84105 | Crypt:3  | Reached XP level 23. HP: 215/215 MP: 23/23
 84329 | Crypt:3  | Found a staircase to the Tomb.
 84365 | Tomb:1   | Entered Level 1 of the Tomb of the Ancients
 84885 | D:15     | Bought a potion of curing for 93 gold pieces
 84885 | D:15     | Bought a scroll of fear for 124 gold pieces
 85453 | Crypt:3  | Acquired the +1 helmet of Fauphysm {rN+}
 85487 | Crypt:3  | Bought a runed cloak for 307 gold pieces
 86999 | Depths:1 | Found a one-way gateway to a ziggurat.
 87157 | Depths:1 | Noticed the Enchantress
 87166 | Depths:1 | Killed the Enchantress
 87605 | Depths:1 | Found a transporter.
 87616 | Depths:1 | Found a white marble altar of Elyvilon.
 87616 | Depths:1 | Found a transporter.
 87786 | Depths:1 | You fall into a shaft and drop 1 floor!
 88044 | Depths:1 | Identified the +4 ring mail of Peoclo {rF+ rC+ Will- Str+5}
 88096 | Depths:1 | Got Ybigg's Vellum of the Unstable Magnum Opus
 88259 | Depths:1 | Identified the +3 battleaxe "Gow Guut" {freeze, *Rage Str+2
                  | Int+3}
 88452 | Depths:1 | Identified the ring "Egoicae" {Will+ Dex+5 Slay+4 SInv}
 88514 | Depths:1 | Noticed Nikola
 89019 | Depths:1 | Killed Nikola
 90610 | Depths:2 | Found a one-way gate leading to the halls of Pandemonium.
 91377 | Depths:3 | Reached skill level 22 in Axes
 91641 | Depths:3 | Reached XP level 24. HP: 227/228 MP: 19/23
 91653 | Depths:3 | Reached skill level 10 in Evocations
 91986 | Depths:3 | Found a one-way gate to the infinite horrors of the Abyss.
 92171 | Depths:4 | Entered Level 4 of the Depths
 92346 | Depths:4 | Found Jerompawe's Weapon Emporium.
 92346 | Depths:4 | Found Lim Caeq's Magic Scroll Shoppe.
 92348 | Depths:4 | Found Puogg's Book Shoppe.
 92365 | Depths:4 | Found Fibes's Armour Emporium.
 92370 | Depths:4 | Bought a scroll of acquirement for 1144 gold pieces
 92770 | Depths:4 | Acquired the +0 tower shield of Cowardice {rPois rC+ rN+}
 93233 | Depths:4 | Found a gate to the Realm of Zot.
 94501 | Slime:4  | Reached XP level 25. HP: 235/235 MP: 23/23
 94743 | Slime:5  | Gained mutation: Armour fits poorly on your strangely
                  | shaped body. [a shining eye]
 95047 | Slime:5  | Noticed the Royal Jelly
 95053 | Slime:5  | Killed the Royal Jelly
 95389 | Slime:5  | Found the ring of the Tortoise {AC+8}
 95396 | Slime:5  | Got Anui's Catalogue of Vile Chilblains
 95401 | Slime:5  | Identified the +0 scale mail of the Everdark {rC+}
 95403 | Slime:5  | Got Mintebic's Incunable of Glaciation
 95405 | Slime:5  | Identified the +7 trident of Tomorrow {spect, rElec}
 95407 | Slime:5  | Got a slimy rune of Zot
 95457 | Slime:5  | Identified the +7 swamp dragon scales "Mootsiq" {rElec
                  | rPois Str+2 Int-5 Stlth+}
 95466 | Slime:5  | Identified the ring "Oczaneu" {AC+4 Str+6 Int+3}
 96871 | Zot:1    | Entered Level 1 of the Realm of Zot
 97980 | Zot:1    | Reached XP level 26. HP: 246/246 MP: 22/23
 98239 | Zot:1    | Identified the staff of Cheibriados, Building {rC+ Dex+2
                  | SInv Ice}
 98243 | Zot:1    | Acquired 1142 gold pieces
 98284 | Zot:1    | Found the +4 dragonskin cloak {Aegis}
 98284 | Zot:1    | Noticed Tiamat
 99038 | Zot:1    | Killed Tiamat
 99570 | Zot:2    | Reached skill level 23 in Axes
 99951 | Zot:1    | Upgraded the game from 0.32-a0-868-g153ae1a8d6 to
                  | 0.32-a0-871-ge202e49faa
100277 | Zot:2    | Found a transporter.
100525 | Zot:2    | Found a transporter.
100527 | Zot:2    | Found a transporter.
100536 | Zot:2    | Found a transporter.
100840 | Zot:2    | Found a transporter.
100844 | Zot:2    | Found a transporter.
101928 | Zot:3    | Identified the ring of the Median {Ice Will++}
101928 | Zot:3    | Noticed Josephina
102214 | Zot:3    | Gained mutation: You are frail. (-10% HP) [mutagenic glow]
103286 | Zot:3    | Killed Josephina
104028 | Zot:4    | Identified the orb of Gedi {mayhem, Stlth+}
104542 | Zot:5    | Entered Level 5 of the Realm of Zot
105022 | Zot:5    | Noticed an ancient lich
105022 | Zot:5    | Noticed a dread lich
105024 | Zot:5    | Noticed an orb of fire
105028 | Zot:5    | Noticed an orb of fire
105029 | Zot:5    | Noticed an orb of fire
105031 | Zot:5    | Noticed an orb of fire
105032 | Zot:5    | Noticed an orb of fire
105034 | Zot:5    | Gained mutation: You are clumsy. (Dex -2) [an orb of fire]
105034 | Zot:5    | Gained mutation: You are very weak. (Str -4) [an orb of
                  | fire]
105036 | Zot:5    | Killed an orb of fire
105037 | Zot:5    | Reached XP level 27. HP: 230/230 MP: 19/23
105048 | Zot:5    | Noticed an orb of fire
105050 | Zot:5    | Noticed an orb of fire
105051 | Zot:5    | Noticed an orb of fire
105054 | Zot:5    | Killed an orb of fire
105059 | Zot:5    | Noticed an ancient lich
105061 | Zot:5    | Gained mutation: You occasionally lose the ability to read
                  | scrolls when taking damage. [an orb of fire]
105071 | Zot:5    | Killed an orb of fire
105075 | Zot:5    | Killed an ancient lich
105317 | Zot:5    | Killed a dread lich
105391 | Zot:5    | HP: 14/299 [orb of fire/bolt of fire (10)]
105391 | Zot:5    | HP: 3/299 [orb of fire/bolt of fire (11)]
105391 | Zot:5    | Killed from afar by an orb of fire

Illustrated notes

Levels and vault maps discovered:
D:1:      psy_arrival_terrarium, layout_basic, minmay_close_crescents
D:2:      minmay_door_path, layout_basic, roderic_three_in_a_row,
          kennysheep_potato
D:3:      layout_basic, general_overflow_altar,
          nicolae_hepliaklqana_monster_ancestors, serial_bayou,
          serial_bayou_crossing, serial_bayou_lake_a, serial_bayou_shore_b,
          serial_bayou_lagoon_b
D:4:      layout_basic, mainiacjoe_overflow_brackets, uniq_blork_the_orc
D:5:      layout_cave_pools, bloody_makhleb, tgw_trog,
          nicolae_wu_jian_wuxing_cycle, ashenzari_altar_1,
          uniq_crazy_yiuf_cottage
D:6:      layout_basic, fedhas_bush_and_centaur_altar,
          mainiacjoe_overflow_surrounded_room, slow_altar_1,
          nicolae_gozag_seed_capital
D:7:      layout_loops_cross, minmay_temple_entry_waves, serial_aquarium,
          aquarium_bridge_island_small [aquarium_subvault_small_water,
          aquarium_subvault_wall, aquarium_subvault_bridge,
          aquarium_subvault_wall, aquarium_subvault_wall],
          aquarium_bridge_long_joined [aquarium_subvault_bridge,
          aquarium_subvault_window, aquarium_subvault_balcony,
          aquarium_subvault_bridge, aquarium_subvault_bridge,
          aquarium_subvault_bridge], aquarium_window_1, aquarium_window_2,
          aquarium_window_corridor_1, aquarium_window_corner, aquarium_view_2c,
          aquarium_view_2b, aquarium_pool_five
D:8:      layout_loops_ring, serial_rivers, chequers_serial_rivers_room_a,
          chequers_serial_rivers_micro_b, chequers_serial_rivers_micro_c,
          chequers_serial_rivers_marsh, chequers_serial_rivers_micro_c
D:9:      layout_basic, orc_david_3, uniq_harold, uniq_grum
D:10:     layout_irregular_city, lemuel_tele_altar, erik_lair_orcish_takeover,
          serial_ice, serial_ice_c, serial_ice_d, serial_ice_f, serial_ice_m,
          serial_ice_n, serial_ice_e, hellmonk_guarded_unrand_zhor
D:11:     layout_long_grid, minmay_misc_feat_enclosed, minmay_shop_grid_forest,
          kennysheep_small_square
D:12:     cheibrodos_body_horror, layout_long_grid,
          nicolae_shop_overcharged_wands, uniq_nessos
D:13:     layout_stronghold, solitary_fountain, minmay_misc_feat_plants,
          minivault_26
D:14:     layout_roguey [special_room_bee], david_vaults_1, amethyst_killhole,
          uniq_roxanne
D:15:     grunt_enter_depths_hoard, layout_basic, serial_shops, shop,
          serial_bayou, serial_bayou_pond_e, serial_bayou_lagoon_a,
          serial_bayou_ford_a, serial_bayou_pond_e, skrybe_limestone_x,
          minivault_4
Lair:1:   layout_gridlike, grunt_megastairs_5, uniq_fannar
Lair:2:   layout_roguey, minmay_swamp_entry_swarm, alex1729_snake_entry_snake
Lair:3:   layout_small_grid, nicolae_quartered_pool_super
Lair:4:   layout_regular_city, serial_bayou_shore_b
Lair:5:   evil_forest, layout_gridlike, dpeg_slime_entry_corner,
          minmay_shattered_shrine
Swamp:1:  layout_basic_swamp, nicolae_swamp_some_circles, swamp_pool_1_2,
          hangedman_swamp_wriggling
Swamp:2:  layout_basic_swamp, evilmike_swamp_ruin_house_3, swamp_pool_1_2,
          uniq_aizul
Swamp:3:  layout_basic_swamp, evilmike_swamp_ruin_house_4, swamp_pool_1_2
Swamp:4:  grunt_swamp_rune_castle, layout_basic_swamp, gammafunk_ghost_cemetery
Snake:1:  hangedman_cross_stitches, layout_cave_shapes,
          hangedman_snake_corridor_cut, uniq_mlioglotl, uniq_louise
Snake:2:  layout_grid_shapes
Snake:3:  layout_onion, serial_shops, shop, nicolae_snake_gridmaze_entwining,
          nicolae_triple_integral
Snake:4:  grunt_snake_rune_spirals, layout_onion, serial_shops,
          nicolae_shop_industrial_runoff, nicolae_shop_sticking_my_neck_out
Slime:1:  layout_caves, cheibrodos_slime_lost_civilization_7
Slime:2:  layout_caves, nicolae_slime_getting_an_eyeful
Slime:3:  cheibrodos_slime_lost_civilization_3, layout_caves
Slime:4:  layout_caves
Slime:5:  slime_pit_nicolae_royal_road_to_ruin
Orc:1:    layout_diamond_mine, serial_shops, shop, gammafunk_ghost_smash,
          special_room [special_room_orc], nicolae_orc_lost_temple, uniq_maurice
Orc:2:    st_orc_elflike, layout_diamond_mine
Elf:1:    eino_elf_arrival_sip, layout_loops_cross, minmay_elf_necromancy
Elf:2:    nicolae_elf_blades_crystal_corner, layout_geoelf_diagonals,
          serial_shops, shop, dreamdust_mushroom_princess, abandoned_shop,
          nicolae_shop_firing_range
Elf:3:    minmay_elf_hall_circle, layout_onion_city, gammafunk_ghost_split,
          nicolae_elf_stair_hall, nicolae_elf_big_sculpture_1,
          dreamdust_deal_with_the_devil
Vaults:1: nicolae_vaults_house_3, v_misc_29, nicolae_vaults_tetromino_L_2,
          nicolae_vaults_two_Ls, nicolae_vaults_triangles, v_misc_32,
          vaults_room_hallway, ontoclasm_vaults_misaligned,
          layout_vaults_chaotic_city
Vaults:2: ebering_ghost_xom, hangedman_vaults_river_flow,
          vaults_standard_mumra_lines, nicolae_vaults_diamond_1,
          ontoclasm_vaults_loading_screen, nicolae_vaults_closet_pinwheel_6,
          vaults_standard_mumra_x, v_misc_17, vaults_room_hallway, v_misc_9,
          nicolae_vaults_network_star, vaults_room_fancy_cross,
          nicolae_vaults_an_arrangement, layout_vaults_maze_bifur
Vaults:3: gammafunk_ghost_mausoleum, v_misc_33, nicolae_vaults_apartment_1,
          layout_vaults_omnigrid, serial_shops, shop, uniq_norris
Vaults:4: v_pattern_5, lightli_orcish_oven, nicolae_vaults_mitosis,
          nicolae_vaults_house_1, v_alt_pattern_6,
          nicolae_vaults_sesquioval_fish, v_misc_27,
          nicolae_vaults_trapezoid_lopsided_3, v_misc_23,
          nicolae_vaults_off_center_swirl, ontoclasm_vaults_hangar,
          vaults_room_pools, vaults_mumra_lcd, layout_vaults_omnibox
Crypt:1:  layout_basic, grunt_ministairs_2, uniq_sojobo
Crypt:2:  layout_misc_corridors, hangedman_crypt_dual_shrines
Crypt:3:  church_of_pain_bobbens, layout_chaotic_city,
          tomb_entry_sphere_bobbens, serial_sigils_hangedman_quiver,
          serial_library_regret_index_headful
Tomb:1
Depths:1: minmay_the_grid_octo_tiled_octocenter [minmay_the_grid_octo_teeth,
          minmay_the_grid_octo_empty, minmay_the_grid_octo_tetromino_candy,
          minmay_the_grid_octo_clover, minmay_the_grid_octo_prize_star,
          minmay_the_grid_square_5x5_c, minmay_the_grid_square_5x5_minimal,
          minmay_the_grid_square_5x5_corner, minmay_the_grid_square_5x5_empty],
          layout_honeycomb, enter_ziggurat_c, elyvilon_altar_4, hell_entry,
          minmay_fire_ice_demons, uniq_nikola, uniq_enchantress
Depths:2: constructs_gauntlet_mu_hangedman, layout_gridlike,
          pf_hell_entry_tar_river, rand_demon_pan_entry_9
Depths:3: minmay_box_of_statues, layout_gridlike, hellmouth_3, abyss_entry,
          minmay_variable_closet, firewood_loft, infiniplex_staircase_pool_1
Depths:4: grunt_zot_entry_alcove, layout_honeycomb,
          regret_index_abyss_entry_earlier_magic, nicolae_zig_zag_zippers,
          pan_entry, hell_entry, drop_trap, minmay_shoptagon
Zot:1:    layout_onion_interference, grunt_ministairs_12,
          st_small_dragon_hoard_4, drop_trap, st_stairs_2, uniq_tiamat
Zot:2:    layout_misc_corridors, st_stairs_14, serial_nicolae_subway,
          nicolae_sub_station_metal, nicolae_sub_station_crystal,
          nicolae_sub_station_stone
Zot:3:    layout_onion_interference, uniq_josephina
Zot:4:    evilmike_crystal_ball_defense, layout_misc_corridors,
          regret_index_zotdec_glowing_original
Zot:5:    layout_onion

Skill      XL: |  1  2  3  4  5  6  7  8  9 10 11 12 13 14 15 16 17 18 19 20 21 22 23 24 25 26 27 |
---------------+----------------------------------------------------------------------------------+-----
Axes           | 3 4 5 6 7 9 10 11 12 13 14 15 16 17 18 19 21 22 23 | 23.8
Throwing       | 1 2 3 4 6 7 8 9 10 11 12 | 12.2
Fighting       | 4 5 6 7 8 9 10 11 13 14 15 16 17 18 20 21 22 | 22.6
Armour         | 4 5 6 7 8 9 10 11 12 13 14 15 16 17 18 19 20 21 22 | 22.1
Shields        | 4 5 6 7 8 9 10 11 12 13 14 15 16 17 18 19 20 21 | 21.9
Evocations     | 2 5 7 8 9 10 11 13 | 13.3
Dodging        | 4 6 7 9 10 | 10.1
Spellcasting   | 2 |  2.0
Shapeshifting  | 4 7 9 10 12 13 15 16 17 18 19 | 19.3

Action                     |  1- 3 |  4- 6 |  7- 9 | 10-12 | 13-15 | 16-18 | 19-21 | 22-24 | 25-27 || total
---------------------------+-------+-------+-------+-------+-------+-------+-------+-------+-------++-------
  Melee: War axe           |   100 |   165 |   392 |   495 |   981 |  1100 |  1260 |  1207 |     6 ||  5706
         Kick              |       |       |       |       |       |       |   307 |   588 |   439 ||  1334
         Broad axe         |       |       |       |       |       |       |       |       |   806 ||   806
   Fire: Hand cannon       |       |       |       |       |       |     2 |       |       |       ||     2
  Throw: Dart              |       |     8 |     6 |     3 |    13 |     1 |     2 |       |       ||    33
         Boomerang         |       |     2 |    48 |   104 |   173 |   215 |    65 |    31 |    21 ||   659
         Throwing net      |       |       |       |     1 |     1 |       |       |       |       ||     2
         Javelin           |       |       |       |       |       |       |     6 |    23 |    20 ||    49
 Invoke: Potion Petition   |       |       |       |     1 |       |    11 |     6 |     2 |     8 ||    28
         Call Merchant     |       |       |       |       |       |     1 |       |     3 |       ||     4
         Bribe Branch      |       |       |       |       |       |       |       |       |     2 ||     2
  Evoke: Wand              |       |       |       |     6 |    30 |     5 |     6 |       |     4 ||    51
         Sack of spiders   |       |       |       |       |       |       |       |       |     1 ||     1
    Use: Potion            |       |     1 |     4 |     2 |     3 |    11 |     7 |     4 |     4 ||    36
         Scroll            |       |       |       |     6 |    12 |    19 |     7 |    10 |    26 ||    80
   Stab: Distracted        |       |       |     1 |     5 |    11 |    20 |    25 |    31 |     3 ||    96
         Petrified         |       |       |       |       |     2 |       |       |       |       ||     2
         Invisible         |       |       |       |       |     3 |     3 |     4 |       |       ||    10
         Sleeping          |       |       |       |       |       |       |     1 |       |       ||     1
         Paralysed         |       |       |       |       |       |       |       |       |     1 ||     1
 Armour: Scale mail        |    70 |    20 |       |       |    39 |       |       |       |       ||   129
         Plate armour      |       |   124 |   500 |   398 |  1004 |  1319 |   246 |       |       ||  3591
         Animal skin       |       |       |       |     3 |       |       |       |       |       ||     3
         Skin              |       |       |       |       |       |    57 |   456 |   878 |  1080 ||  2471
  Dodge: Dodged            |    52 |    36 |   129 |    93 |   290 |   341 |   269 |   425 |   450 ||  2085
  Block: Buckler           |    22 |    41 |   199 |   152 |   436 |   309 |       |       |       ||  1159
         Tower shield      |       |       |       |       |       |   417 |  1020 |  1497 |  1498 ||  4432
   Form: Statue            |       |       |       |       |       |       |     2 |       |       ||     2
                           |       |       |       |       |       |       |     1 |       |       ||     1

Table legend: (Time is in decaauts)
 A = Elapsed time spent in this place.
 B = Non-inter-level travel time spent in this place.
 C = Inter-level travel time spent in this place.
 D = Time resting spent in this place.
 E = Time spent auto-exploring this place.
 F = Levels seen in this place.
 G = Mean time per level.
                   A        B        C        D        E       F      G
               +--------+--------+--------+--------+--------+-----+--------+
         Total | 123349 |  98058 |  25291 |  34703 |  40608 |  56 | 2202.7 |
       Dungeon |  29349 |  21773 |   7576 |   6872 |  10518 |  15 | 1956.6 |
          Lair |  14632 |  11228 |   3404 |   4695 |   4507 |   5 | 2926.4 |
         Swamp |   8716 |   7506 |   1210 |   3794 |   2066 |   4 | 2179.0 |
     Snake Pit |   7228 |   6236 |    992 |   2633 |   1861 |   4 | 1807.0 |
    Slime Pits |   5322 |   4049 |   1273 |   1630 |   1108 |   5 | 1064.4 |
  Orcish Mines |   4699 |   3064 |   1635 |   1610 |    641 |   2 | 2349.5 |
   Elven Halls |   6726 |   5584 |   1142 |   2230 |   1917 |   3 | 2242.0 |
        Vaults |  14507 |  11065 |   3442 |   3325 |   5497 |   4 | 3626.8 |
         Crypt |   9011 |   7322 |   1689 |    979 |   4637 |   3 | 3003.7 |
          Tomb |      2 |      2 |      0 |      0 |      0 |   1 |    2.0 |
        Depths |  11738 |  10710 |   1028 |   3859 |   4454 |   4 | 2934.5 |
           Zot |  10777 |   8881 |   1896 |   2804 |   3390 |   5 | 2155.4 |
         Abyss |    637 |    637 |      0 |    269 |      7 |   1 |  637.0 |
               +--------+--------+--------+--------+--------+-----+--------+

Top non-repeatable levels by time:
  Lair:2: 5084 daAuts
Vaults:1: 5037 daAuts
    D:15: 4387 daAuts
 Swamp:3: 3990 daAuts
 Crypt:2: 3924 daAuts
Depths:4: 3583 daAuts
Depths:1: 3543 daAuts
 Crypt:3: 3402 daAuts
Vaults:3: 3401 daAuts
   Zot:1: 3220 daAuts
  Lair:4: 3217 daAuts
Vaults:2: 3101 daAuts
  Lair:5: 3033 daAuts
Vaults:4: 2966 daAuts
   Zot:2: 2926 daAuts
